[Event "Early-Titled-Tuesday-Blitz-August-29-2023"]
[Site "Chess.com"]
[Date "2023.08.29"]
[Round "1"]
[White "Perecke"]
[Black "Chessmissile07"]
[Result "1-0"]
[WhiteElo "2462"]
[BlackElo "2843"]
[TimeControl "180+1"]
[EndTime "8:07:52 PDT"]
[Termination "Perecke won by checkmate"]

1. e4 g6 2. d4 Nf6 3. Nc3 d5 4. e5 Ne4 5. Nce2 f6 6. f3 Ng5 7.
Bxg5 fxg5 8. Ng3 c5 9. Bb5+ Nc6 10. Bxc6+ bxc6 11. N1e2 cxd4 12. Nxd4 c5 13. Nb3 Ba6 14. Ne2 Bg7 15. O-O Bxe5 16. Nxc5 Bxe2 17. Qxe2 Bd4+ 18. Kh1 Bxc5 19. Qb5+ Qd7 20. Qxc5 Rc8 21. Qd4 O-O 22. c3 e6 23. Rfe1 Rc6 24. Re2 Rf4 25.
Qe5 Qd6 26. Qxg5 Rf5 27. Qe3 Rb6 28. Rae1 Rf7 29. a4 a5 30. Qd4 Rf4 31. Qd3 Qd7 32. h3 Rxa4 33. Qe3 Qc7 34. Qg5 Ra2 35. f4 Qd7 36. f5 Raxb2 37. fxe6 Qe8 38. Rxb2 Rxb2 39.
e7 Rb5 40. Rf1 a4 41. Rf8+ Qxf8 42. exf8=Q+ Kxf8 43.
Qd8+ Kg7 44. Qd7+ Kh6 45. Qxb5 a3 46. Qa4 Kg7 47. Qxa3 h5 48. Qc5 h4 49. Qxd5 Kh7 50. Qd4 Kg8 51. c4 Kh7 52. c5 Kh6 53. c6 Kg5 54. c7 Kh5 55. c8=Q Kg5 56. Qcd8+ Kh6 57. Q4h8# 1-0

[Event "Early-Titled-Tuesday-Blitz-August-29-2023"]
[Site "Chess.com"]
[Date "2023.08.29"]
[Round "1"]
[White "AlexanderL"]
[Black "Haykoooo0o"]
[Result "1-0"]
[WhiteElo "2825"]
[BlackElo "2441"]
[TimeControl "180+1"]
[EndTime "8:07:53 PDT"]
[Termination "AlexanderL won by resignation"]

1. Nf3 Nf6 2. c4 g6 3. Nc3 Bg7 4. e4 d6 5. d4 O-O 6. Be2 e5 7. O-O Nc6 8. d5 Ne7 9. Ne1 Nd7 10. Be3 f5 11. f3 f4 12. Bf2 g5 13. Rc1 h5 14. c5 a6 15. Nd3 Nf6 16. cxd6 cxd6 17. Na4 g4 18. Nb6 g3 19. Nxa8 gxf2+ 20. Nxf2 Ne8 21.
Nb6 Qxb6 22. Qb3 Qd8 23. Rc2 b5 24. Rfc1 Bd7 25. Qa3 Qb6 26. b4 Bf6 27. Qa5 Qe3 28. Qxa6 Bh4 29. Rf1 Ng6 30. Bxb5 Bxb5 31. Qxb5 Ng7 32.
Qe2 Qd4 33. Rb1 Rb8 34. b5 Bg3 35. Kh1 Bxf2 36. Qxf2 Qa4 37. b6 h4 38. b7 Kh7 39.
h3 Qd7 40. Qa7 Qd8 41. Qxb8 Qxb8 42. Rc8 Qa7 43. b8=Q Qxa2 44. Qb2 Qa5 45. Qc3 Qa6 46.
Rc6 Qa2 47. Qc2 Qa3 48. Qb3 Qa5 49. Rxd6 Nh5 50. Rxg6 Kxg6 51. Qb6+ Qxb6 52. Rxb6+ Kf7 53. Re6 Ng3+ 54. Kh2 Nf1+ 55. Kg1 1-0

[Event "Early-Titled-Tuesday-Blitz-August-29-2023"]
[Site "Chess.com"]
[Date "2023.08.29"]
[Round "1"]
[White "AsaHoffmann"]
[Black "Ajedrecista3000"]
[Result "0-1"]
[WhiteElo "2378"]
[BlackElo "2694"]
[TimeControl "180+1"]
[EndTime "8:07:53 PDT"]
[Termination "Ajedrecista3000 won by resignation"]

1. d4 e6 2. e4 d5 3. e5 c5 4.
Nf3 cxd4 5. Qxd4 Nc6 6. Qf4 Nge7 7. Bd3 Ng6 8. Qg3 Qc7 9. O-O Ncxe5 10. Nxe5 Nxe5 11. Bf4 f6 12. Nc3 a6 13. Rfe1 Bd6 14. Bxe5 Bxe5 15. Rxe5 fxe5 16. Re1 Bd7 17. Qxg7 O-O-O 18.
Qxe5 Qxe5 19. Rxe5 Rdf8 20. g3 Kc7 21. f4 Kd6 22. Ne2 Rf6 23. Nd4 b5 24. c3 h6 25.
Nf3 Rb8 26. a3 a5 27. Re2 b4 28. axb4 axb4 29. Ne5 bxc3 30. bxc3 Rb3 31. c4 Ra3 32.
c5+ Kc7 33. c6 Bc8 34. Rc2 Rf8 35. Kg2 Rd8 36. h3 Ba6 37. Bxa6 Rxa6 38. Rb2 Rb8 39. Re2 Rb3 40. Kh2 Raa3 41. Rg2 d4 42. g4 Rxh3+ 43. Kg1 Ra1+ 44. Kf2 Ra2+ 45. Kg1 Ra1+ 46. Kf2 Rb3 47. Nf3 d3 48. g5 hxg5 49. fxg5 Ra2+ 50. Kg3 Rxg2+ 51.
Kxg2 d2 52. Nxd2 Rb2 53. g6 Rxd2+ 54. Kf3 Rd8 55. Kf4 Kxc6 56. Kg5 Kd5 57. Kf6 e5 58. g7 e4 0-1

[Event "Early-Titled-Tuesday-Blitz-August-29-2023"]
[Site "Chess.com"]
[Date "2023.08.29"]
[Round "1"]
[White "Khromkin"]
[Black "Doraemon7"]
[Result "0-1"]
[WhiteElo "2322"]
[BlackElo "2643"]
[TimeControl "180+1"]
[EndTime "8:07:53 PDT"]
[Termination "Doraemon7 won on time"]

1. d4 d5 2. c4 c6 3. cxd5 cxd5 4. Nc3 e5 5. Nf3 e4 6. Nd2 Nc6 7. Nb3 f5 8. Bf4 Nf6 9. h4 Bd6 10. Qd2 O-O 11. g3 Be7 12. Bg2 h6 13. O-O-O Be6 14.
Kb1 a5 15. Nc5 Bxc5 16. dxc5 d4 17. Nb5 Nd5 18. Nxd4 Nxf4 19. gxf4 Bd5 20. Nxf5 Rxf5 21. Bh3 Be6 22. Qxd8+ Nxd8 23. Bxf5 Bxf5 24. e3 Ne6 25. Rd5 Bg4 26. Rc1 Rc8 27. c6 bxc6 28. Rxa5 Be2 29. b4 Bd3+ 30. Kb2 Kf7 31. a4 Rb8 32. Ka3 Rc8 33. f5 Nd8 34. b5 c5 35. b6 c4 36.
Ra7+ Kf6 37. a5 c3 38. b7 Rb8 39. a6 Kxf5 40. Rxc3 Bxa6 41. Rxa6 Rxb7 0-1

[Event "Early-Titled-Tuesday-Blitz-August-29-2023"]
[Site "Chess.com"]
[Date "2023.08.29"]
[Round "1"]
[White "Real_taiatai"]
[Black "Andreikka"]
[Result "0-1"]
[WhiteElo "2516"]
[BlackElo "3022"]
[TimeControl "180+1"]
[EndTime "8:07:54 PDT"]
[Termination "Andreikka won by checkmate"]

1. d4 d5 2. c4 e6 3. Nf3 a6 4. cxd5 exd5 5. Nc3 Nf6 6. Bf4 c5 7. e3 Nc6 8. dxc5 Bxc5 9. Be2 h6 10. O-O O-O 11. Rc1 Ba7 12. Ne5 Re8 13. Nxc6 bxc6 14.
Na4 Bd7 15. Bd6 Ne4 16. Ba3 Qg5 17. Nc5 Bh3 18. Bf3 Bxc5 19. Bxc5 Re6 20. Kh1 Bf5 21. Bd4 Rae8 22. Qa4 Nd2 23. Rg1 Be4 24. Qd1 Nc4 25.
Bxe4 Rxe4 26. b3 Nd6 27. Rxc6 Nf5 28. Bb2 Qh4 29. g3 Qd8 30. Qd3 d4 31. Rc5 Qa8 32.
Rg2 Nxe3 33. f3 R4e7 34. Qxd4 f6 35. Rf2 Rd8 36. Qxe3 Rxe3 37. Kg2 Rdd3 38. Rc7 Rxf3 39. Rxg7+ Kxg7 40. Rxf3 Qxf3+ 41. Kh3 Rd2 42. Bxf6+ Kg6 43.
Kh4 Qf1 44. h3 Rh2 45. g4 Qxh3# 0-1

[Event "Early-Titled-Tuesday-Blitz-August-29-2023"]
[Site "Chess.com"]
[Date "2023.08.29"]
[Round "1"]
[White "shimastream"]
[Black "tk22h"]
[Result "1/2-1/2"]
[WhiteElo "2891"]
[BlackElo "2494"]
[TimeControl "180+1"]
[EndTime "8:07:55 PDT"]
[Termination "Game drawn by repetition"]

1. c4 e5 2. g3 Nc6 3. Bg2 g6 4. Nc3 Bg7 5. e3 d6 6. Nge2 f5 7. d4 Nf6 8. O-O O-O 9. b3 e4 10. a3 a5 11. Bb2 Bd7 12. Qd2 Ne7 13. d5 g5 14. Nd4 Ng6 15. f4 exf3 16. Rxf3 Ne4 17.
Nxe4 fxe4 18. Rxf8+ Qxf8 19. Bxe4 Ne5 20. Rf1 Qe7 21. Nf5 Bxf5 22. Bxf5 Rf8 23. Kg2 h6 24. Qe2 b6 25. Qh5 a4 26. Bxe5 Qxe5 27. Be6+ Kh8 28. Rxf8+ Bxf8 29. Qf7 Qg7 30. bxa4 Qxf7 31. Bxf7 Kg7 32.
Be6 Kf6 33. Kf3 h5 34. h4 gxh4 35. gxh4 Bh6 36. Bd7 Kf7 37. Ke4 Bg7 38. Kf3 Bf6 39.
Kg3 Ke7 40. Bf5 Kf7 41. Bd3 Kg7 42. Be2 Kg6 43. Kh3 Bb2 44. c5 dxc5 45. e4 Be5 46. Kg2 Bf6 47. Kg3 Be5+ 48. Kf3 Bf6 49. Kf4 Bxh4 50. e5 Be1 51. Ke4 h4 52. Bg4 Bg3 53. Bh3 Kg5 54. Bd7 Kg6 55. Bh3 Kg5 56. a5 bxa5 57. a4 Kg6 58. Bg4 Kg5 59. Bh3 Kg6 60. Bf1 Kg5 61. e6 Kf6 62. Bh3 Bd6 63. Bg4 Bg3 64. Bh3 Bd6 65. Bg4 Bg3 66. Bh3 1/2-1/2

[Event "Early-Titled-Tuesday-Blitz-August-29-2023"]
[Site "Chess.com"]
[Date "2023.08.29"]
[Round "1"]
[White "VSanduleac"]
[Black "Dream2World_Number1"]
[Result "1-0"]
[WhiteElo "2419"]
[BlackElo "2706"]
[TimeControl "180+1"]
[EndTime "8:07:55 PDT"]
[Termination "VSanduleac won by resignation"]

1. e4 c6 2. d4 d5 3. Nc3 dxe4 4. Nxe4 Bf5 5. Ng3 Bg6 6. Bc4 Nf6 7. N1e2 Nbd7 8. Nf4 e5 9. Nxg6 hxg6 10. O-O Be7 11. c3 O-O 12. Bb3 Qb6 13. Be3 exd4 14. Bxd4 Bc5 15. Bxf6 Nxf6 16. Qf3 Rad8 17. Rad1 Rxd1 18. Rxd1 Rd8 19. Rf1 a5 20. Ne4 Nxe4 21. Bxf7+ Kf8 22.
Bxg6+ Nf6 23. b3 Rd2 24. g4 Qd8 25. c4 Qd4 26. h3 Qe5 27. Kg2 Rd4 28. Bf5 Rf4 29.
Qd3 Qd4 30. Qe2 Ne4 31. f3 Nc3 32. Qc2 Qe3 33. Qc1 Qe2+ 34. Kg3 Be3 35. Qxc3 Bd2 36. Qd3 Qxd3 37. Bxd3 Rd4 38. Be4 g5 39. h4 Bf4+ 40.
Kh3 Rd2 41. Rh1 Kg7 42. hxg5 Rxa2 43. g6 Kf6 44. g5+ Kg7 45. Kg4 Be3 46. Rh7+ Kg8 47. Kf5 1-0

[Event "Early-Titled-Tuesday-Blitz-August-29-2023"]
[Site "Chess.com"]
[Date "2023.08.29"]
[Round "1"]
[White "jimmy-schlumpf"]
[Black "carokannlover213"]
[Result "0-1"]
[WhiteElo "2400"]
[BlackElo "2716"]
[TimeControl "180+1"]
[EndTime "8:07:57 PDT"]
[Termination "carokannlover213 won on time"]

1. d4 Nf6 2. Nf3 g6 3. c4 Bg7 4.
g3 O-O 5. Bg2 c5 6. Nc3 cxd4 7.
Nxd4 Nc6 8. O-O Qa5 9. Nc2 d6 10. Qd2 Qh5 11. Qg5 Qxg5 12. Bxg5 h6 13. Bf4 Be6 14.
b3 Nd7 15. Bd2 f5 16. Rad1 Bf7 17. f4 Rab8 18. e4 Nd4 19. Nxd4 Bxd4+ 20. Kh1 fxe4 21. Nxe4 Bg7 22. Bc3 Rfd8 23. Rfe1 b6 24. Kg1 Nc5 25. Bxg7 Kxg7 26. Kf2 Nxe4+ 27. Bxe4 e6 28. Bc6 Kf6 29. Ke3 Rbc8 30. Bb7 Rc7 31. Bf3 Re7 32. Re2 e5 33. fxe5+ Rxe5+ 34. Kf2 Rxe2+ 35. Kxe2 Be6 36. Bd5 Bg4+ 37.
Bf3 Bf5 38. Kf2 g5 39. Rd2 Ke7 40. Bd5 Rf8 41. Kg2 Bg6 42. Rf2 Rxf2+ 43. Kxf2 Kf6 44. Ke3 Ke5 45. a3 a5 46. Bg8 Bc2 47. b4 Bb3 48. Bf7 axb4 49. axb4 b5 50. Kd3 Ba2 51. Bg8 Kf5 0-1

[Event "Early-Titled-Tuesday-Blitz-August-29-2023"]
[Site "Chess.com"]
[Date "2023.08.29"]
[Round "1"]
[White "lefonghua"]
[Black "MdChess1734"]
[Result "1-0"]
[WhiteElo "2667"]
[BlackElo "2357"]
[TimeControl "180+1"]
[EndTime "8:07:57 PDT"]
[Termination "lefonghua won on time"]

1. d4 Nf6 2. c4 e6 3. Nc3 Bb4 4.
f3 c5 5. a3 Bxc3+ 6. bxc3 b6 7. e4 Nc6 8. Be3 Qc7 9. Bd3 Ba6 10. Qe2 Na5 11. Rc1 Rc8 12. d5 O-O 13. Nh3 Rfe8 14.
O-O Bb7 15. Qf2 d6 16. Bg5 Nd7 17. f4 Ba6 18. Qe2 exd5 19. cxd5 Bxd3 20. Qxd3 c4 21.
Qf3 Nc5 22. Rce1 Nd3 23. Re3 Nb3 24. Rd1 Nbc5 25. Bh4 f6 26. Nf2 Qf7 27. Nxd3 Nxd3 28. Re2 Qg6 29. Bf2 Re7 30. Bd4 Rce8 31. f5 Qf7 32. a4 Ne5 33. Qf1 Qh5 34. h3 Nd3 35.
Qf3 Qg5 36. Kh2 Qf4+ 37. Qxf4 Nxf4 38. Rb2 Rxe4 39. a5 bxa5 40. Rb7 Re2 41. Kg3 Nxg2 42. Rdb1 Ne3 43. Rxa7 Nxf5+ 44. Kf3 Nxd4+ 45. cxd4 R8e3+ 46. Kf4 g5+ 47. Kg4 Rg2+ 48. Kf5 Rf2+ 49. Kg4 Rg2+ 50. Kf5 Rf2+ 51. Kg4 Re4+ 52. Kg3 Rff4 53. Rb8+ 1-0

[Event "Early-Titled-Tuesday-Blitz-August-29-2023"]
[Site "Chess.com"]
[Date "2023.08.29"]
[Round "1"]
[White "SmirnovAlexandrA"]
[Black "Maili15"]
[Result "1/2-1/2"]
[WhiteElo "2641"]
[BlackElo "2335"]
[TimeControl "180+1"]
[EndTime "8:07:58 PDT"]
[Termination "Game drawn by agreement"]

1. e4 c6 2. d4 d5 3. e5 Bf5 4. Nf3 e6 5. Be2 c5 6. O-O Nc6 7. Be3 cxd4 8. Nxd4 Nxd4 9. Qxd4 Ne7 10. Qa4+ Nc6 11.
Rd1 Qc7 12. c4 dxc4 13. Na3 Be7 14. Nxc4 O-O 15. f4 Rfd8 16. Bf3 Nb4 17. Rxd8+ Rxd8 18. Nd6 Bxd6 19. exd6 Qxd6 20. Rd1 Nd3 21. Qxa7 b5 22.
a3 h6 23. Qb6 Qxb6 24. Bxb6 Rc8 25. Be2 Nxb2 26. Rd8+ Rxd8 27. Bxd8 Bd3 28. Bf3 Nc4 29.
Be7 f6 30. Bc6 Kf7 31. Bb4 Nb6 32. Kf2 e5 33. fxe5 fxe5 34. Ke3 Bf1 35. g3 Ke6 36. h4 Bc4 37. Bf8 Kf7 38. Bb4 Kf6 39. Bc5 Nc8 40. Ke4 Bf1 41. Bd7 Ne7 42. Ke3 Nf5+ 43.
Bxf5 Kxf5 44. Bf8 Kg6 45. Kf2 Bc4 46. Ke3 Kf7 47. Bd6 Kf6 48. Bc7 g5 49. Bd8+ Kf5 50.
hxg5 hxg5 51. Bc7 e4 52. Bd6 1/2-1/2

[Event "Early-Titled-Tuesday-Blitz-August-29-2023"]
[Site "Chess.com"]
[Date "2023.08.29"]
[Round "1"]
[White "Zq1"]
[Black "stratacticos"]
[Result "1-0"]
[WhiteElo "2535"]
[BlackElo "1828"]
[TimeControl "180+1"]
[EndTime "8:07:59 PDT"]
[Termination "Zq1 won on time"]

1. d4 Nf6 2. c4 c5 3. Nf3 g6 4.
Nc3 Bg7 5. d5 O-O 6. e4 d6 7. h3 Na6 8. Bd3 Bd7 9. O-O Nc7 10. Bf4 a6 11. a4 Nh5 12. Bh2 Rb8 13. e5 dxe5 14. Nxe5 Be8 15. a5 b6 16. axb6 Rxb6 17.
Na4 Bxa4 18. Qxa4 Rxb2 19. Rfe1 e6 20. Nc6 Qf6 21. Rf1 Nf4 22. Rad1 exd5 23. Qa5 dxc4 24.
Bxc4 Ncd5 25. Rxd5 Nxd5 26. Bxd5 c4 27. Bf3 c3 28. Be5 Qf5 29. Qxc3 Bxe5 30. Nxe5 Rb5 31. Ng4 Qg5 32. Nf6+ Kg7 33. Nd7+ f6 34. Nxf8 Kxf8 35.
Rd1 Kg7 36. Qc7+ Kh6 37. Rd7 Rb1+ 38. Kh2 Qe5+ 39. Qxe5 fxe5 40. Ra7 Ra1 41. h4 a5 42. Kg3 a4 43. Bd5 g5 44. Ra6+ Kg7 45. hxg5 a3 46.
Be4 Re1 47. f3 Re3 48. Ra7+ Kf8 49. Bxh7 e4 50. Bxe4 1-0

[Event "Early-Titled-Tuesday-Blitz-August-29-2023"]
[Site "Chess.com"]
[Date "2023.08.29"]
[Round "1"]
[White "platy3"]
[Black "kecalk"]
[Result "1-0"]
[WhiteElo "2934"]
[BlackElo "2493"]
[TimeControl "180+1"]
[EndTime "8:08:01 PDT"]
[Termination "platy3 won on time"]

1. e4 c5 2. Nf3 Nc6 3. Bb5 e6 4. O-O Nge7 5. Re1 b6 6. d4 cxd4 7. Nxd4 Qc7 8. Bf1 Nxd4 9. Qxd4 Nc6 10. Qd1 Bb7 11. c4 Bd6 12. g3 O-O 13. Nc3 a6 14. Be3 Bc5 15. Rc1 f5 16. exf5 Rxf5 17. Bg2 Raf8 18.
Rc2 Ne5 19. Ne4 Nf3+ 20. Bxf3 Rxf3 21. Bxc5 bxc5 22. Qd6 Qxd6 23. Nxd6 Bc6 24. Ne4 R8f5 25. Rd2 Re5 26. Rde2 Bxe4 27. Rxe4 Rxe4 28. Rxe4 Rd3 29. Re2 Kf7 30. Kf1 Rd1+ 31. Kg2 a5 32. b3 Rc1 33. Rd2 Ke7 34. f4 a4 35. h4 Rb1 36. bxa4 Rb4 37.
Rc2 Rxa4 38. Kf3 Ra3+ 39. Kg4 Kd6 40. h5 Kc6 41. h6 gxh6 42. Rh2 d5 43. cxd5+ Kxd5 44. Rxh6 c4 45. Rxh7 Rxa2 46. Rd7+ Ke4 47. Rd6 c3 48. Rxe6+ Kd5 49. Re8 Ra6 50. Re1 c2 51. f5 Rc6 52. Rc1 Ke4 53. Kg5 Rc5 54. g4 Rc6 55. f6 Kf3 56. f7 Rc8 57.
Rxc2 1-0

[Event "Early-Titled-Tuesday-Blitz-August-29-2023"]
[Site "Chess.com"]
[Date "2023.08.29"]
[Round "1"]
[White "campochess"]
[Black "JiaHaoxiang"]
[Result "0-1"]
[WhiteElo "2180"]
[BlackElo "2578"]
[TimeControl "180+1"]
[EndTime "8:08:02 PDT"]
[Termination "JiaHaoxiang won by resignation"]

1. d4 Nf6 2. Bg5 g6 3. Bxf6 exf6 4. c4 Bg7 5. Nc3 O-O 6. g3 f5 7. e3 c6 8. Bg2 d6 9. Nge2 Nd7 10. O-O Nf6 11.
a4 a5 12. Rb1 Be6 13. Qd3 Qb6 14. Nf4 Qa6 15. Nxe6 fxe6 16. Ne2 d5 17. b3 Ne4 18.
Nf4 Rae8 19. Rfc1 Rf7 20. Bf1 Bf8 21. f3 Nf6 22. cxd5 Qxd3 23. Nxd3 exd5 24. Ne5 Rg7 25. Bd3 Bd6 26. f4 Ne4 27. Bxe4 fxe4 28. Rc5 Bxc5 29. dxc5 g5 30. Kf2 gxf4 31. gxf4 Re6 32. b4 axb4 33. Rxb4 Rh6 34. Kf1 Rxh2 35. f5 Rg5 36. Rxb7 Rxf5+ 37. Kg1 Ra2 38. Rb8+ Kg7 39. Rb7+ Kf6 40. Nxc6 Rg5+ 41.
Kf1 Rh5 42. Kg1 Rxa4 43. Kg2 Rc4 44. Nd4 Rxc5 45. Kg3 Rc3 46. Kf4 Rh4+ 47. Kg3 Rh1 48. Rb6+ Ke7 49. Kf4 Rf1+ 50. Ke5 Rxe3 51. Kxd5 Rd3 52.
Kxe4 Rdd1 53. Rb7+ Kf6 54. Rb6+ Kg5 55. Ne6+ Kg4 56.
Ke5 Rde1+ 57. Kd6 Rf6 58. Ke7 Rfxe6+ 59. Rxe6 Rxe6+ 60. Kxe6 h5 0-1

[Event "Early-Titled-Tuesday-Blitz-August-29-2023"]
[Site "Chess.com"]
[Date "2023.08.29"]
[Round "1"]
[White "Chessdude1987"]
[Black "starworld123"]
[Result "0-1"]
[WhiteElo "2423"]
[BlackElo "2795"]
[TimeControl "180+1"]
[EndTime "8:08:04 PDT"]
[Termination "starworld123 won on time"]

1. e4 c5 2. Nf3 e6 3. g3 Nc6 4. Bg2 Nf6 5. d3 Be7 6. Nbd2 d5 7. Qe2 b6 8. e5 Nd7 9. O-O Bb7 10. Re1 g5 11. h3 Qc7 12. c4 d4 13. b4 Nxb4 14. Ne4 Nxe5 15. Nxe5 Qxe5 16. f4 Qc7 17. fxg5 O-O-O 18. a4 a5 19. Bf4 e5 20. Bc1 Rdg8 21. Rf1 Rg7 22. Rf5 Rhg8 23. h4 Nc6 24. Bd2 Kb8 25.
Raf1 Bd8 26. Nf6 Bxf6 27. Rxf6 Re8 28. h5 Re7 29. Be4 Nd8 30. h6 Rg6 31. Rxg6 fxg6 32. Rf6 Bxe4 33. Qxe4 Qb7 34. Qf3 Qxf3 35. Rxf3 Rf7 36.
Rxf7 Nxf7 37. Kg2 Kc7 38. Kf3 Kd6 39. g4 Ke6 40. Bc1 Nd6 41. Ke2 e4 42. Bf4 exd3+ 43. Kxd3 Nf7 44. Bg3 Ne5+ 0-1

[Event "Early-Titled-Tuesday-Blitz-August-29-2023"]
[Site "Chess.com"]
[Date "2023.08.29"]
[Round "1"]
[White "Veleamater"]
[Black "Chernobay_Artem"]
[Result "0-1"]
[WhiteElo "2331"]
[BlackElo "2652"]
[TimeControl "180+1"]
[EndTime "8:08:04 PDT"]
[Termination "Chernobay_Artem won by resignation"]

1. g3 Nf6 2. Bg2 g6 3. d3 Bg7 4. e4 d6 5. Nc3 O-O 6. h3 c5 7. f4 Nc6 8. Nf3 Rb8 9. a4 a6 10. O-O b5 11. axb5 axb5 12. g4 b4 13. Ne2 Bb7 14. Ng3 Nd7 15. g5 Ra8 16. Rb1 Ra2 17.
h4 Qa8 18. h5 Nd4 19. Nh4 e6 20. Be3 d5 21. e5 Nf5 22. Ngxf5 exf5 23. h6 Bh8 24. d4 Rc8 25. dxc5 Nxc5 26. Qd4 Ne6 27. Qxb4 Rxc2 28. Rf2 Rc4 29. Qb3 Bc6 30. Qd3 Rb4 31. b3 Rxf2 32. Kxf2 Nxf4 33. Qd2 Bxe5 34. Nf3 Bd6 35.
Nd4 Bd7 36. Rc1 Ne6 37. Nc2 Rg4 38. Bxd5 Bc6 39. Bxc6 Qxc6 40. Ne1 Qd7 41. Qc3 Bf8 42.
Qc8 Qd5 43. Qc6 Qe5 44. Qf3 Qh2+ 45. Ng2 Nxg5 46. Bxg5 Rxg5 47. Rc8 Qxh6 48. Nf4 Qg7 49. b4 Rg4 50. b5 Qd4+ 51. Ke2 Rxf4 52. Qa8 Rf2+ 0-1

[Event "Early-Titled-Tuesday-Blitz-August-29-2023"]
[Site "Chess.com"]
[Date "2023.08.29"]
[Round "1"]
[White "kidagent"]
[Black "Arek_pacitan"]
[Result "0-1"]
[WhiteElo "2285"]
[BlackElo "2617"]
[TimeControl "180+1"]
[EndTime "8:08:04 PDT"]
[Termination "Arek_pacitan won by resignation"]

1. e4 c5 2. Nf3 Nc6 3. d4 cxd4 4. Nxd4 Nf6 5. Nc3 g6 6. Be3 Bg7 7. Be2 O-O 8. O-O d6 9. h3 Bd7 10. f4 Nxd4 11. Bxd4 Bc6 12. Bf3 Nd7 13. Bxg7 Kxg7 14. Qd2 Qb6+ 15. Kh2 Qxb2 16. Rab1 Qa3 17. e5 dxe5 18.
Bxc6 bxc6 19. Ne4 Rad8 20. f5 Nf6 21. Qe2 Qxa2 22. fxg6 hxg6 23. Rb7 Qa3 24. Ng5 Qc5 25. Ra1 e4 26. Nxe4 Qe5+ 27. Ng3 Qxe2 28. Nxe2 Rd2 29.
Rxe7 Nd5 30. Re4 Ra8 31. Nd4 c5 32. Nb3 Rxc2 33. Re5 Nf4 34. Kg3 Nxg2 35. Rxc5 Rb2 36. Nd4 Ne3 37. Rc7 a5 38. Kf3 Nd5 39. Rd7 Nb4 40.
Ke4 Ra6 41. Rf1 Rf6 42. Rxf6 Kxf6 43. Ra7 Ra2 44. Nb3 a4 45. Nc5 a3 46. Nd7+ Kg5 47.
Ne5 f5+ 48. Kf3 Kf6 49. Nd7+ Ke6 50. Nc5+ Kd5 51. Nb3 Nc6 52. Ra6 Ne5+ 53. Kf4 Rf2+ 54. Kg5 Rg2+ 55. Kf6 Nd7+ 56. Ke7 Nc5 57. Rxa3 Nxb3 58.
Rxb3 f4 59. Rb6 Ke4 60. Rf6 f3 61. Kf7 f2 62. h4 Ke3 63. Rxf2 Kxf2 0-1

[Event "Early-Titled-Tuesday-Blitz-August-29-2023"]
[Site "Chess.com"]
[Date "2023.08.29"]
[Round "1"]
[White "Juicy_Fork"]
[Black "Diaschess88"]
[Result "1-0"]
[WhiteElo "2392"]
[BlackElo "2653"]
[TimeControl "180+1"]
[EndTime "8:08:07 PDT"]
[Termination "Juicy_Fork won by checkmate"]

1. e4 c5 2. Nf3 d6 3. d4 cxd4 4. Nxd4 Nf6 5. Nc3 Bd7 6. f3 e5 7. Nb3 Be7 8. Be3 O-O 9. Qd2 a6 10. g4 b5 11. g5 Nh5 12. Nd5 Be6 13. Bb6 Bxg5 14. Qg2 Bh4+ 15. Kd1 Qd7 16. Nc7 Nf4 17. Qd2 Nc6 18. Nxa8 Rxa8 19. Be3 Bg5 20. h4 Bh6 21. Rg1 Qe7 22. Qe1 d5 23. Bxf4 Bxf4 24. Bd3 dxe4 25.
Qxe4 Qxh4 26. Qxc6 Rc8 27. Qe4 Qh2 28. Rf1 Bxb3 29.
Qxh7+ Qxh7 30. Bxh7+ Kxh7 31. axb3 Rd8+ 32. Ke1 Rd6 33.
Rg1 Rd2 34. Rh1+ Kg6 35. Rxa6+ Kf5 36. Rh5+ g5 37. Rhh6 e4 38. Rhf6+ Ke5 39. Rxf4 Kxf4 40. Kxd2 exf3 41. Rf6+ Kg3 42. Ke3 g4 43. Rxf7 b4 44.
c3 bxc3 45. bxc3 Kg2 46. b4 f2 47. Rxf2+ Kh1 48. Kf4 Kg1 49. Ra2 g3 50. Kxg3 Kf1 51.
Kf3 Ke1 52. Ke3 Kd1 53. Kd3 Kc1 54. c4 Kb1 55. Re2 Kc1 56. Rd2 Kb1 57. Kc3 Kc1 58.
Rd3 Kb1 59. Kb3 Kc1 60. Rd4 Kb1 61. Rd1# 1-0

[Event "Early-Titled-Tuesday-Blitz-August-29-2023"]
[Site "Chess.com"]
[Date "2023.08.29"]
[Round "1"]
[White "Aleksandar-Topalov"]
[Black "Alexei_Gubajdullin"]
[Result "1/2-1/2"]
[WhiteElo "2326"]
[BlackElo "2630"]
[TimeControl "180+1"]
[EndTime "8:08:07 PDT"]
[Termination "Game drawn by agreement"]

1. b3 Nf6 2. Bb2 g6 3. Bxf6 exf6 4. c4 d5 5. cxd5 Qxd5 6. e3 Qa5 7. Nf3 c6 8. a3 Bd6 9. Nc3 O-O 10. b4 Qd8 11. d4 Nd7 12. Be2 f5 13. O-O a5 14.
Rb1 axb4 15. axb4 Nf6 16. g3 b5 17. d5 cxd5 18. Nxb5 Be7 19. Nfd4 Bb7 20. Nc3 Ne4 21. Nxe4 dxe4 22. b5 Qb6 23. Qb3 Bf6 24. Rfd1 Rad8 25. Nc6 Bxc6 26. bxc6 Qxc6 27. Rxd8 Rxd8 28. Bc4 Qd7 29.
Qb7 h5 30. h4 Kg7 31. Qxd7 Rxd7 32. Kg2 Rc7 33. Bd5 Rc5 34. Ba2 Ra5 35. Bc4 Ra7 36.
Bd5 Rd7 37. Ba2 Be7 38. Bc4 Bc5 39. Rb5 Ba7 40. Bd5 Kf6 41. Bc6 Rc7 42. Bd5 Rd7 43. Bc6 Rd6 44. Bd5 Bb6 45. Kf1 Ke7 46. Bb3 f6 47.
Rd5 Rc6 48. Ba4 Rc7 49. Rb5 Bc5 50. Rb8 Ra7 51. Be8 g5 52. Bxh5 f4 53. gxf4 gxh4 54. Bg6 Ra1+ 55. Kg2 Ra2 56. Rb3 h3+ 57. Kxh3 Rxf2 58.
Bxe4 Re2 59. Kg4 Rxe3 60. Rxe3 Bxe3 1/2-1/2

[Event "Early-Titled-Tuesday-Blitz-August-29-2023"]
[Site "Chess.com"]
[Date "2023.08.29"]
[Round "1"]
[White "ljm509"]
[Black "musclemonster12"]
[Result "0-1"]
[WhiteElo "2218"]
[BlackElo "2585"]
[TimeControl "180+1"]
[EndTime "8:08:08 PDT"]
[Termination "musclemonster12 won on time"]

1. e4 c5 2. Nf3 Nc6 3. d4 cxd4 4. Nxd4 Nf6 5. Nc3 d6 6. Bg5 e6 7. Qd2 a6 8. O-O-O Bd7 9. f3 Nxd4 10. Qxd4 Be7 11. h4 b5 12. Kb1 Qc7 13. g4 O-O 14.
Bxf6 Bxf6 15. Qxd6 Qxd6 16. Rxd6 Rfd8 17. Ne2 Be5 18. Rd3 Rac8 19. c3 f5 20. gxf5 exf5 21. Nc1 fxe4 22. fxe4 Bc6 23. Bg2 g6 24. Rhd1 Rxd3 25.
Nxd3 Bg3 26. Rh1 Re8 27. Nc5 a5 28. Rh3 Bf2 29. Nd3 Bb6 30. h5 g5 31. h6 Kf7 32. Rf3+ Kg6 33. Rf1 Bxe4 34. Bxe4+ Rxe4 35. Kc2 g4 36. Kd2 Be3+ 37. Kd1 Kg5 38. Rh1 g3 39.
Ne1 Kg4 40. Kc2 Bb6 41. Kd2 Be3+ 42. Kd3 Re6 43. b3 Bxh6 44. c4 bxc4+ 45. bxc4 Bg5 46. c5 h5 47. Kc4 h4 48. Kd5 Rf6 0-1

[Event "Early-Titled-Tuesday-Blitz-August-29-2023"]
[Site "Chess.com"]
[Date "2023.08.29"]
[Round "1"]
[White "EvilMorty23"]
[Black "Iball95"]
[Result "0-1"]
[WhiteElo "2421"]
[BlackElo "2775"]
[TimeControl "180+1"]
[EndTime "8:08:09 PDT"]
[Termination "Iball95 won by checkmate"]

1. e4 c5 2. Nf3 e6 3. c3 d5 4. e5 Nc6 5. d4 Nge7 6. Bd3 cxd4 7.
cxd4 Nf5 8. Be3 Be7 9. Nc3 O-O 10. O-O a6 11. a4 h6 12. Qd2 Na5 13. Rad1 Nc4 14. Qc1 b6 15. Bf4 Bb7 16. g4 Nh4 17. Nxh4 Bxh4 18. Bxh6 Rc8 19. Bf4 f6 20. exf6 Qxf6 21.
Bg3 Bxg3 22. hxg3 e5 23. Bf5 exd4 24. Ne2 Ne5 25. Bxc8 Rxc8 26. Qf4 d3 27. Qxf6 gxf6 28. Nd4 Rc4 29. f4 Rxd4 30. fxe5 fxe5 31. Rf5 e4 32.
Kf2 Rc4 33. Ke3 d4+ 34. Kf4 Rc2 35. Kg5 d2 36. Rdf1 Rc7 37. Rf8+ Kg7 38. R8f6 Rc5+ 39. Kh4 Rc7 40. Kh5 e3 41. Rg6+ Kh7 42. Rh6+ Kg8 43.
Rg6+ Rg7 44. Rd6 e2 45. Rd8+ Kh7 46. Rf6 Re7 47. Rh6+ Kg7 48. Rdh8 e1=Q 49. R8h7+ Kf8 50. Rh8+ Kf7 51. R6h7+ Ke6 52. Rh6+ Kd7 53. R6h7 d1=Q 54. Rxe7+ Qxe7 55. Rd8+ Kxd8 56. a5 Qh1+ 57. Kg6 Qhh7# 0-1

[Event "Early-Titled-Tuesday-Blitz-August-29-2023"]
[Site "Chess.com"]
[Date "2023.08.29"]
[Round "1"]
[White "Zampronha1971"]
[Black "Goryachkina"]
[Result "0-1"]
[WhiteElo "2300"]
[BlackElo "2631"]
[TimeControl "180+1"]
[EndTime "8:08:09 PDT"]
[Termination "Goryachkina won on time"]

1. e4 e6 2. d4 d5 3. Nc3 Nf6 4. e5 Nfd7 5. f4 c5 6. Nf3 Nc6 7. Be3 a6 8. Qd2 b5 9. dxc5 Bxc5 10. Bxc5 Nxc5 11. Qf2 Qb6 12. Bd3 b4 13. Ne2 a5 14.
O-O Ba6 15. Bxa6 Rxa6 16. Kh1 Ne4 17. Qxb6 Rxb6 18. Rad1 O-O 19. Ned4 Nxd4 20. Nxd4 f5 21. Kg1 Rc8 22. Rd3 Kf7 23. Ra1 Rc4 24. Kf1 g5 25. g3 g4 26. Kg2 h5 27. Rh1 Kg6 28. h3 Rc7 29. h4 Nc5 30. Rd2 Na4 31. Rb1 Kf7 32. Kf2 Ke7 33. Ke2 Rb8 34. Nb3 Ra8 35. Kf2 Nb6 36. Re2 Nc4 37. Nd4 Rac8 38. Ke1 a4 39. Kf2 a3 40. bxa3 Nxa3 41. Rxb4 Nxc2 42.
Nxc2 Rxc2 43. Rb7+ Kf8 44. Rh7 Rxe2+ 45. Kxe2 Rc2+ 46. Ke3 Rxa2 47. Rxh5 Ra3+ 48. Kf2 Rf3+ 49. Kg2 Kg7 50. Rg5+ Kh7 51. h5 Ra3 52. Rg6 Ra6 53. Rf6 Rc6 54. Rf7+ Kh6 0-1